 Dungeon Crawl Stone Soup version 0.26.1-2-gb8aa6d0cf2 (webtiles) character file.

Game seed: 848242882058902608

2339 axecop the Covert (level 9, 0/71 (86) HPs)
             Began as a Naga Delver on Mar 6, 2021.
             Was an Initiate of Dithmenos.
             Slain by a wight
             ... wielding a cursed +4 short sword
              (2 damage)
             ... on level 7 of the Dungeon.
             The game lasted 00:08:57 (10329 turns).

axecop the Covert (Naga Delver)                    Turns: 10329, Time: 00:08:57

HP:   0/71 (86)     AC:  7    Str: 15    XL:     9   Next: 43%
MP:   17/17         EV:  9    Int: 13    God:    Dithmenos [......]
Gold: 124           SH:  0    Dex: 19    Spells: 19/19 levels left

rFire    . . .     SeeInvis +   S - +4 long sword (curse)
rCold    . . .     Faith    .   (no shield)
rNeg     . . .     Spirit   .   j - +2 ring mail {rPois}
rPois    +         Reflect  .   (no helmet)
rElec    .         Harm     .   (no cloak)
rCorr    .         Rampage  .   (no gloves)
Will     ++...                  (no barding)
Stlth    ++++......             (no amulet)
HPRegen  0.21/turn              f - ring of willpower
MPRegen  0.15/turn              l - +6 ring of dexterity

@: heavily drained, very slow
A: large, see invisible, deformed body, poison resistance, slowness 2, spit
poison 1, AC +3
a: Spit Poison, Renounce Religion


You were on level 7 of the Dungeon.
You worshipped Dithmenos.
Dithmenos was noncommittal.
You visited 2 branches of the dungeon, and saw 8 of its levels.

You collected 334 gold pieces.
You spent 210 gold pieces at shops.

Inventory:

Hand Weapons
 a - a +4 dagger
 e - a +0 hunting sling
 o - a +0 morningstar
 t - a +1 falchion
 u - a +0 mace
 x - a +1 whip of flaming
 R - a +5 battleaxe
 S - a cursed +4 long sword (weapon)
 T - a cursed +3 hand axe
Missiles
 k - 69 sling bullets
 p - 334 stones
 y - 119 arrows
 B - 6 boomerangs
 C - 6 atropa-tipped darts
 E - 27 poisoned darts
 F - 6 javelins
Armour
 b - a +0 leather armour
 j - a +2 ring mail of poison resistance (worn)
 q - a +0 kite shield
 D - a +0 buckler
 L - +0 swamp dragon scales
Jewellery
 f - a ring of willpower (left hand)
 l - a +6 ring of dexterity (right hand)
 G - an uncursed ring of positive energy
 J - an uncursed ring of protection from cold
 U - an uncursed ring of protection from fire
Wands
 g - a wand of digging (3)
 H - a wand of acid (1)
Scrolls
 c - 2 scrolls of fog
 d - 2 scrolls of magic mapping
 i - 2 scrolls of teleportation
 m - 2 scrolls of random uselessness
 v - 2 scrolls of enchant weapon
 M - 4 scrolls of remove curse
 P - a scroll of amnesia
 Q - a scroll of enchant armour
Potions
 h - 4 potions of curing
 n - 2 potions of haste
 r - 4 potions of lignification
 s - 2 potions of degeneration
 w - a potion of heal wounds {unknown}
 z - 2 potions of attraction {unknown}
 A - 5 potions of flight
 I - a potion of brilliance {unknown}
 K - a potion of ambrosia {unknown}
 N - a potion of berserk rage
 O - a potion of invisibility


   Skills:
 + Level 7.3 Fighting
 - Level 3.4 Maces & Flails
 - Level 1.5 Dodging
 + Level 10.1 Stealth
 + Level 4.7 Shields
 + Level 5.9 Spellcasting


You had 19 spell levels left.
You didn't know any spells.
Your spell library contained the following spells:

 Spells                   Type           Power        Failure   Level
 Confusing Touch          Hex            3%           71%         3
 Gell's Gravitas          Tloc           1%           71%         3
 Petrify                  Tmut/Erth      3%           98%         4
 Metabolic Englaciation   Hex/Ice        1%           100%        5
 Yara's Violent Unravell  Hex/Tmut       1%           100%        5


Dungeon Overview and Level Annotations

Branches:
Dungeon (7/15)             Temple (1/1) D:7

Altars:
Cheibriados
Dithmenos
Elyvilon
Fedhas
Gozag
Hepliaklqana
Makhleb
Nemelex Xobeh
Okawaru
Qazlal
Ru
Trog
Uskayaw
Vehumet
Wu Jian
Xom
Yredelemnul
Zin
Lugonu

Shops:
D:5 [   D:6 !

Annotations:
D:6 2 transporters, 0gre's ghost, novice GnIE


Innate Abilities, Weirdness & Mutations

You cannot wear boots.
Your serpentine skin is tough. (AC +3)
You have supernaturally acute eyesight. (SInv)
Armour fits poorly on your strangely shaped body.
Your system is resistant to poisons. (rPois)
You cover ground very slowly.
You can spit poison.


Message History

The wight is moderately damaged.
The wight hits you with a cursed +4 short sword.
* * * LOW HITPOINT WARNING * * *
The wight hits you but does no damage.
You closely miss the wight.
The wight is moderately damaged.
The wight hits you with a cursed +4 short sword!
* * * LOW HITPOINT WARNING * * *
You feel drained.
* * * LOW HITPOINT WARNING * * *
You slash the wight!
The wight is severely damaged.
The wight hits you with a cursed +4 short sword.
* * * LOW HITPOINT WARNING * * *
You feel drained.
* * * LOW HITPOINT WARNING * * *
The wight hits you with a cursed +4 short sword!
* * * LOW HITPOINT WARNING * * *
You feel drained.
You die...

..# . #..# ..
#..# ...
#####..#
....##......#
..b........#
......_...#
...#.z@$.#
#........##
#.........##
########...##
##...##
##...##
##...##
##...##
##.))## #####


You could see a wight.

Vanquished Creatures
  Maggie (D:6)
  Grinder (D:6)
  An eye of draining (D:6)
  2 ogres
  An ice beast (D:4)
  2 centaurs (D:7)
  A scorpion (D:4)
  8 wights (D:7)
  A howler monkey (D:4)
  6 hounds
  A jelly (D:5)
  3 orc priests
  A gnoll shaman (D:5)
  8 orc wizards
  An iguana (D:6)
  2 worker ants
  A killer bee zombie (D:5)
  A hound skeleton (D:5)
  15 adders
  A white imp (D:5)
  2 ufetubi
  2 oozes (D:1)
  2 worms
  2 dart slugs
  5 leopard geckos
  30 orcs
  2 ball pythons
  3 giant cockroaches
  4 goblins
  6 hobgoblins
  7 jackals
  3 quokkas
  5 bats
  6 frilled lizards
  9 kobolds
  A leopard gecko skeleton (D:4)
  A quokka skeleton (D:5)
  9 rats
157 creatures vanquished.

Notes
Turn   | Place    | Note
-------+----------+-------------------------------------------
     0 | D:5      | axecop the Naga Delver began the quest for the Orb.
     0 | D:5      | Reached XP level 1. HP: 21/21 MP: 1/1
   220 | D:5      | Found Wushyi's Armour Shoppe.
   220 | D:5      | Noticed a hound
   254 | D:4      | Noticed a scorpion
   261 | D:4      | Noticed a hound
   278 | D:4      | HP: 1/21 [hound (5)]
   280 | D:4      | Killed a hound
   281 | D:4      | Reached skill level 8 in Stealth
   281 | D:4      | Reached XP level 2. HP: 2/28 MP: 2/2
   281 | D:4      | Reached XP level 3. HP: 2/34 MP: 3/3
   713 | D:4      | Killed a scorpion
   714 | D:4      | Reached XP level 4. HP: 40/42 MP: 4/4
   872 | D:4      | Noticed an ice beast
  1480 | D:3      | Reached XP level 5. HP: 45/49 MP: 4/6
  1819 | D:2      | Reached skill level 1 in Spellcasting
  1999 | D:2      | Reached skill level 9 in Stealth
  3448 | D:3      | Reached XP level 6. HP: 56/57 MP: 8/8
  3694 | D:3      | Found a blossoming altar of Fedhas.
  3695 | D:3      | Found a burning altar of Makhleb.
  3761 | D:3      | Found a white marble altar of Elyvilon.
  4757 | D:3      | Reached skill level 10 in Stealth
  4757 | D:3      | Reached XP level 7. HP: 59/66 MP: 10/10
  5025 | D:4      | Reached skill level 1 in Shields
  5699 | D:5      | Reached skill level 5 in Fighting
  6012 | D:5      | Found a sacrificial altar of Ru.
  6849 | D:5      | Reached XP level 8. HP: 74/74 MP: 13/13
  6929 | D:5      | Found a snail-covered altar of Cheibriados.
  7336 | D:6      | Found an iron altar of Okawaru.
  7362 | D:6      | Noticed Maggie
  7371 | D:6      | Killed Maggie
  7469 | D:6      | Found a transporter.
  7482 | D:6      | Noticed 0gre's ghost (novice GnIE)
  7499 | D:6      | Found a transporter.
  7523 | D:6      | Found Qalahout's Distillery.
  7527 | D:6      | Bought a potion of berserk rage for 75 gold pieces
  7527 | D:6      | Bought a potion of degeneration for 15 gold pieces
  7527 | D:6      | Bought a potion of invisibility for 120 gold pieces
  7906 | D:6      | Noticed Grinder
  7911 | D:6      | Killed Grinder
  7912 | D:6      | Reached skill level 5 in Spellcasting
  8504 | D:6      | Reached XP level 9. HP: 31/85 MP: 16/16
  9373 | D:7      | Found a staircase to the Ecumenical Temple.
  9414 | Temple   | Entered the Ecumenical Temple
  9765 | Temple   | Became a worshipper of Dithmenos the Shadowed
 10177 | D:7      | Found a shimmering altar of Xom.
 10329 | D:7      | HP: 2/72 [wight/cursed +4 short sword (7)]
 10329 | D:7      | Slain by a wight

Illustrated notes

Levels and vault maps discovered:
D:1:      dpeg_arrival_line_fractal, layout_rooms
D:2:      layout_loops_cross, minivault_26
D:3:      layout_basic, elyvilon_altar_3, gammafunk_temple_overflow_wave
D:4:      layout_basic
D:5:      layout_loops_corners, kennysheep_little_box,
          nicolae_ru_the_path_less_chosen, serial_shops, nicolae_shop_stone
D:6:      layout_loops_corners, lemuel_doored_altar, gammafunk_ghost_mausoleum,
          serial_shops, shop, st_stairs_13, uniq_maggie, uniq_grinder
D:7:      layout_cave_pods, lemuel_round_altar, xom_butterflies, led_sif_pool,
          minmay_temple_entry_drinking_statues, kennysheep_big_empty_room
Temple:   kb_corrupted_temple

Skill      XL: |  1  2  3  4  5  6  7  8  9 |
---------------+----------------------------+-----
Stealth        | 8 9 10 | 10.1
Maces & Flails | 3 |  3.4
Spellcasting   | 1 2 3 5 |  5.9
Fighting       | 4 5 6 7 |  7.3
Shields        | 2 3 4 |  4.7
Dodging        | |  1.5

Action                   |  1- 3 |  4- 6 |  7- 9 || total
-------------------------+-------+-------+-------++-------
Melee: Mace              |    14 |   106 |       ||   120
       Dagger            |       |   170 |   298 ||   468
       Long sword        |       |       |    13 ||    13
 Abil: Spit Poison       |     4 |    21 |    21 ||    46
Evoke: Wand              |       |       |     6 ||     6
  Use: Potion            |     1 |     1 |     2 ||     4
       Scroll            |       |     8 |     7 ||    15
 Stab: Sleeping          |     1 |    16 |    11 ||    28
Armor: Ring mail         |     9 |   184 |   154 ||   347
       Leather armour    |     1 |       |       ||     1
Dodge: Dodged            |     5 |   179 |   169 ||   353
       Rpst.: Long sword |       |       |     1 ||     1
